Map: Radhuset Station LE

Players

SubN

  • Race: Zerg Zerg
  • League: Diamond
  • Spawn Location: 1:00

DarkJank - Winner!

  • Race: Protoss Protoss
  • League: Diamond
  • Spawn Location: 7:00

VOD

Have the link to the VOD?

Description

Time

  • Played on: Jan. 4, 2024, 8:15 p.m.
  • Length: 5:16
Show
View Real Time Build Order
Export as new Build Order

SubN Zerg 

Build Orders: Hatch First 

Get SALT Encoding   

  12  0:00  Drone  
  13  0:12  Overlord  
  13  0:17  Drone  
  14  0:30  Drone x2  
  16  0:51  Hatchery  
  16  1:08  Hatchery  
  12  1:56  Hatchery  
  12  2:14  Spawning Pool  
  11  2:15  Extractor  
  11  2:18  Drone x3  
  13  2:36  Drone  
  14  2:42  Drone  
  15  2:51  Drone  
  16  3:01  Spine Crawler  
  16  3:04  Queen  
  17  3:10  Roach Warren  
  17  3:11  Drone x2  
  18  3:29  Spine Crawler  
  18  3:31  Overlord  
  17  3:45  Queen  
  17  3:47  Drone  
  20  3:49  Drone  
  21  3:57  Roach  
  21  4:02  Roach  
  25  4:07  Drone  
  26  4:12  Drone  
  27  4:26  Ravager x2  
  27  4:27  Roach  
  31  5:12  Spore Crawler  
Show
View Real Time Build Order
Export as new Build Order

DarkJank Protoss - Winner!

Build Orders:  

Get SALT Encoding   

  12  0:10  Pylon  
  12  0:12  Probe  
  13  0:29  Forge  
  13  0:33  Probe  
  14  0:48  Probe  
  15  0:50  Pylon  
  15  1:10  Photon Cannon  
  15  1:12  Photon Cannon  
  15  1:20  Pylon  
  15  1:28  Pylon  
  15  1:34  Pylon  
  15  1:51  Gateway  
  15  1:52  Probe  
  16  2:04  Probe  
  16  2:06  Assimilator  
  17  2:16  Probe  
  18  2:29  Probe  
  19  2:37  Assimilator  
  19  2:40  Cybernetics Core  
  19  2:42  Probe (Chrono Boost)  
  21  2:52  Probe (Chrono Boost)  
  21  2:57  Probe (Chrono Boost), Photon Cannon  
  22  3:07  Photon Cannon  
  22  3:09  Probe  
  23  3:21  Robotics Facility  
  23  3:37  Shield Battery  
  23  3:40  Robotics Facility  
  23  3:43  Pylon  
  23  4:01  Shield Battery  
  23  4:08  Photon Cannon  
  23  4:12  Immortal (Chrono Boost)  
  27  4:31  Observer (Chrono Boost)  
  28  4:43  Immortal (Chrono Boost)  
Tags
 
Add a new tag
Caveats
  • Supply blocks, unpowered buildings, or Contaminate may cause inaccurate times.
  • Supply counts are checked every 10 seconds.